 Dungeon Crawl Stone Soup version 0.28-a0-751-gef3a642a4e (webtiles) character file.

Game seed: 6702782750665989301

2235 nano the Thaumaturge (level 9, -14/57 HPs)
             Began as a Mummy Ice Elementalist on Oct 30, 2021.
             Was a Priest of Makhleb.
             Demolished by a wight (15 damage)
             ... on level 7 of the Dungeon.
             The game lasted 00:21:28 (9857 turns).

nano the Thaumaturge (Mummy Ice Elementalist)       Turns: 9857, Time: 00:21:28

Health: -14/57     AC:  3    Str: 11    XL:     9   Next: 14%
Magic:  20/21      EV: 13    Int: 24    God:    Makhleb [***...]
Gold:   215        SH:  0    Dex: 12    Spells: 14/25 levels left

rFire   . . .      SeeInvis .   h - staff of death
rCold   . . .      Faith    .   (no shield)
rNeg    + + +      Spirit   .   a - +1 robe
rPois   ∞          Reflect  .   (no helmet)
rElec   .          Harm     .   (no cloak)
rCorr   .          Rampage  .   (no gloves)
Will    +....                   (no boots)
Stlth   +++.......              (no amulet)
HPRegen 0.19/turn               m - ring of fire
MPRegen 0.17/turn               i - +6 ring of intelligence

@: no status effects
A: cold resistance 1, negative energy resistance 3, torment resistance 2, heat
vulnerability 1, no potions
a: Renounce Religion, Minor Destruction, Lesser Servant of Makhleb


You were on level 7 of the Dungeon.
You worshipped Makhleb.
Makhleb was most pleased with you.
You visited 1 branch of the dungeon, and saw 7 of its levels.

You collected 264 gold pieces.
You spent 49 gold pieces at shops.

Inventory:

Hand Weapons
 k - a +1 dagger of venom
 l - a +2 dagger of pain
Armour
 a - a +1 robe (worn)
 n - a +0 pair of boots
Magical Staves
 h - a staff of death (weapon)
Jewellery
 c - a ring of flight
 i - a +6 ring of intelligence (right hand)
 m - a ring of fire (left hand)
Wands
 b - a wand of iceblast (5)
Scrolls
 d - 5 scrolls of amnesia
 f - a scroll of vulnerability
 g - a scroll of enchant armour
 j - 3 scrolls of enchant weapon {unknown}
 o - a scroll of identify {@r1}
 p - a scroll of immolation {unknown}


   Skills:
 + Level 4.1 Dodging
 + Level 4.5 Stealth
 * Level 8.5 Spellcasting
 + Level 3.2 Conjurations
 + Level 5.0 Ice Magic
 + Level 3.9 Invocations


You had 14 spell levels left.
You knew the following spells:

 Your Spells              Type           Power      Damage    Failure   Level
a - Freeze                Ice            100%       1d11      1%          1
b - Frozen Ramparts       Ice            68%        1d8       2%          3
c - Ozocubu's Armour      Ice            34%        N/A       2%          3
d - Hailstorm             Conj/Ice       30%        3d8       11%         4

Your spell library contained the following spells:

 Spells                   Type           Power      Damage    Failure   Level


Dungeon Overview and Level Annotations

Branches:
Dungeon (7/15)             Temple (0/1) D:5

Altars:
Dithmenos
Gozag
Hepliaklqana
Makhleb
Qazlal
Ru
Trog
Wu Jian
Zin

Shops:
D:6 ?

Annotations:
D:4 anet's ghost, weakling GnDe


Innate Abilities, Weirdness & Mutations

You are immune to poison.
Your flesh is cold resistant. (rC+)
You are immune to negative energy. (rN+++)
You are immune to unholy pain and torment.
You are vulnerable to heat. (rF-)
You do not drink.


Message History

The cyclops hits you!!
The wight completely resists.
The wall freezes the wight but does no damage.
The wight closely misses you.
The wyvern hisses angrily.
Aim: a cyclops, quivering large rocks (severely wounded)
The zap hits the cyclops but does no damage.
The zap hits the wight.
The frozen ramparts melt away.
The wight completely misses you.
Aim: a cyclops, quivering large rocks (severely wounded)
The zap hits the cyclops.
The zap hits the wight but does no damage.
The cyclops hits you.
* * * LOW HITPOINT WARNING * * *
The wight hits you from afar with a +0 halberd!
* * * LOW HITPOINT WARNING * * *
As you read the scroll of fear, it crumbles to dust.
You assume a fearsome visage.
The cyclops looks frightened!
The wight is unaffected. x2; The wyvern looks frightened!
You can't drink.
Unknown command.
Okay, then.
You can't drink.
Unknown command.
Okay, then.
A demon appears!
Aiming: Iceblast
Aim: a cyclops, quivering large rocks (severely wounded, fleeing)
The mass of ice explodes!
The iceblast engulfs the cyclops!
Your attack snaps the cyclops out of its fear.
The iceblast engulfs the wight!
The wight partially resists.
The wight misses you.
Your orange demon barely misses the wight.
Your orange demon closely misses the wight.
Okay, then.
Aim: a cyclops, quivering large rocks (almost dead, fleeing)
The wight is unaffected.
The wight hits you with a +4 great sword.
* * * LOW HITPOINT WARNING * * *
The wight hits you with a +0 halberd!
You die...

[##. ...........
.....................
..........##........) [
.....#...##......... ..
...##...........### #.o
#..#...........#=( ....
#..............#)( #...
#4....#...#....#(!
.##..o####@z...#...##...###
......)o.#z###.#[.###......
.....#...).##..............
..C ####.C####.#....###.##
. #..## #..#.........#
....# #.......###.## ......
.........#.... ....#
#..(...# .##............
.... # #..#>..#..
.......<.....


You could see a cyclops (fleeing), 2 wights and a friendly orange demon
(summoned).

Vanquished Creatures
  2 water moccasins (D:5)
  An orc warrior (D:6)
  A sky beast (D:6)
  A black bear (D:5)
  2 necrophages (D:4)
  An ogre (D:5)
  A phantom (D:6)
  A kobold brigand (D:4)
  A scorpion (D:6)
  A water moccasin skeleton (D:5)
  A howler monkey (D:4)
  2 bullfrog zombies
  A jelly (D:4)
  3 centaur zombies (D:6)
  3 orc priests
  A centaur skeleton (D:6)
  4 hounds
  A scorpion zombie (D:5)
  An iguana (D:5)
  4 orc wizards
  Natasha (twice) (D:3)
  A bullfrog simulacrum (D:4)
  3 gnolls (D:4)
  A howler monkey skeleton (D:6)
  13 adders
  2 hound simulacra (D:4)
  3 white imps
  An ufetubus (D:6)
  A worm (D:2)
  A dart slug (D:1)
  2 adder simulacra (D:4)
  23 orcs
  8 bats
  5 endoplasms
  3 giant cockroaches
  5 goblins
  8 hobgoblins
  12 ball pythons
  6 frilled lizards
  9 kobolds
  8 rats
150 creatures vanquished.

Vanquished Creatures (collateral kills)
  An ice beast (D:6)
  A wyvern zombie (D:5)
  2 wights (D:7)
4 creatures vanquished.

Vanquished Creatures (others)
  15 plants (D:2)
15 creatures vanquished.

Grand Total: 169 creatures vanquished

Notes
Turn   | Place    | Note
-------+----------+-------------------------------------------
     0 | D:1      | nano the Mummy Ice Elementalist began the quest for the
                  | Orb.
     0 | D:1      | Reached XP level 1. HP: 13/13 MP: 4/4
   145 | D:1      | Found a faded altar of an unknown god.
   263 | D:1      | Reached skill level 3 in Spellcasting
   329 | D:1      | Reached XP level 2. HP: 19/19 MP: 3/6
   336 | D:1      | Prayed at the altar of an unknown god.
   336 | D:1      | Became a worshipper of Makhleb the Destroyer
   336 | D:1      | Reached * piety under Makhleb
  1147 | D:2      | Reached XP level 3. HP: 24/24 MP: 5/8
  1151 | D:2      | Learned a level 3 spell: Frozen Ramparts
  1155 | D:2      | Learned a level 3 spell: Ozocubu's Armour
  1301 | D:2      | Reached ** piety under Makhleb
  1433 | D:2      | Reached skill level 4 in Spellcasting
  1433 | D:2      | Reached XP level 4. HP: 21/30 MP: 0/10
  1873 | D:2      | Reached skill level 1 in Invocations
  2147 | D:3      | Learned a level 4 spell: Hailstorm
  2827 | D:3      | Found an ornate altar of the Wu Jian Council.
  2914 | D:3      | Found a hazy altar of Hepliaklqana.
  2920 | D:3      | Found a shadowy altar of Dithmenos.
  2920 | D:3      | Noticed a shadow
  3005 | D:3      | Noticed Natasha
  3044 | D:3      | Killed Natasha
  3045 | D:3      | Reached XP level 5. HP: 33/35 MP: 11/11
  3212 | D:3      | Noticed Natasha
  3221 | D:3      | Killed Natasha
  3745 | D:4      | Reached skill level 5 in Spellcasting
  3822 | D:4      | Found a runed translucent gate.
  3823 | D:4      | Found a runed translucent gate.
  3823 | D:4      | Found a runed translucent gate.
  3846 | D:4      | Reached XP level 6. HP: 20/41 MP: 5/13
  4024 | D:4      | Reached skill level 1 in Conjurations
  4328 | D:4      | Noticed anet's ghost (weakling GnDe)
  4931 | D:4      | Reached XP level 7. HP: 40/46 MP: 7/15
  5327 | D:4      | Reached *** piety under Makhleb
  5688 | D:4      | Reached skill level 6 in Spellcasting
  5896 | D:5      | Entered Level 5 of the Dungeon
  6688 | D:5      | Reached XP level 8. HP: 33/52 MP: 11/18
  6852 | D:5      | Found an opulent altar of Gozag.
  7043 | D:5      | Found a staircase to the Ecumenical Temple.
  7060 | D:5      | Found a bloodstained altar of Trog.
  7062 | D:5      | Found a sacrificial altar of Ru.
  7069 | D:5      | Reached skill level 7 in Spellcasting
  7426 | D:5      | Found a burning altar of Makhleb.
  7739 | D:6      | Found a stormy altar of Qazlal.
  8201 | D:6      | Found Fugg's Magic Scroll Boutique.
  8208 | D:6      | Bought a scroll of magic mapping for 49 gold pieces
  8433 | D:6      | Reached skill level 8 in Spellcasting
  9022 | D:6      | Reached **** piety under Makhleb
  9257 | D:6      | Reached XP level 9. HP: 57/57 MP: 18/21
  9834 | D:7      | Noticed a cyclops
  9835 | D:7      | Reached skill level 5 in Ice Magic
  9857 | D:7      | HP: 1/57 [wight (5)]
  9857 | D:7      | Demolished by a wight

Illustrated notes

Levels and vault maps discovered:
D:1:      lemuel_arrival_behind_the_door_large, layout_loops_cross,
          basic_ecumenical_altar, minmay_tromino_v4_b
D:2:      layout_rooms, serial_forest, infiniplex_forest_fountain,
          infiniplex_forest_clump_cross, infiniplex_forest_diagonal,
          infiniplex_forest_3_way
D:3:      layout_loops_ring, riverfiend_overflow_shadow_ancestor,
          nicolae_wu_jian_wuxing_cycle, uniq_natasha
D:4:      layout_layer_cave, gammafunk_ghost_icy, minmay_tree_intersection,
          sigmund_army
D:5:      layout_loops_ring, grunt_temple_overflow_gold_and_silver,
          chequers_temple_overflow_statue_of_worship,
          mainiacjoe_overflow_alcove_2, minmay_temple_entry_tees
D:6:      layout_loops_ring, mainiacjoe_overflow_cross_hatched, serial_shops,
          nicolae_shop_window_shopping
D:7:      layout_cave_pools, due_unseen_surprise

Skill      XL: |  1  2  3  4  5  6  7  8  9 |
---------------+----------------------------+-----
Spellcasting   | 3 4 5 6 8 |  8.5
Stealth        | 2 3 4 |  4.5
Dodging        | 2 3 4 |  4.1
Invocations    | 1 2 3 |  3.9
Conjurations   | 1 2 3 |  3.2
Ice Magic      | 4 5 |  5.0

Action                   |  1- 3 |  4- 6 |  7- 9 || total
-------------------------+-------+-------+-------++-------
Melee: Unarmed           |       |     6 |       ||     6
       Staff             |       |     3 |    12 ||    15
 Cast: Freeze            |    63 |    73 |    51 ||   187
       Frozen Ramparts   |     1 |    10 |    27 ||    38
       Ozocubu's Armour  |       |     2 |     2 ||     4
Invok: Minor Destruction |       |    35 |   161 ||   196
       Lesser Servant of |       |       |     4 ||     4
Evoke: Wand              |       |       |     2 ||     2
  Use: Scroll            |       |     4 |     4 ||     8
Armor: Robe              |     8 |    11 |    44 ||    63
Dodge: Dodged            |    48 |    57 |   112 ||   217

Table legend: (Time is in decaauts)
 A = Elapsed time spent in this place.
 B = Non-inter-level travel time spent in this place.
 C = Inter-level travel time spent in this place.
 D = Time resting spent in this place.
 E = Time spent auto-exploring this place.
 F = Levels seen in this place.
 G = Mean time per level.
                   A        B        C        D        E       F      G
               +--------+--------+--------+--------+--------+-----+--------+
         Total |   9856 |   9645 |    211 |   2866 |   5421 |   7 | 1408.0 |
       Dungeon |   9856 |   9645 |    211 |   2866 |   5421 |   7 | 1408.0 |
               +--------+--------+--------+--------+--------+-----+--------+

Top non-repeatable levels by time:
     D:4: 2351 daAuts
     D:6: 2117 daAuts
     D:5: 1758 daAuts
     D:3: 1403 daAuts
     D:1: 1190 daAuts
     D:2: 951 daAuts
     D:7: 86 daAuts
